 Dungeon Crawl Stone Soup version 0.23.2-1-ga50397a (webtiles) character file.

Game seed: 15506834584201268596

20 Iscandelvey the Vexing (level 2, 11/21 HPs)
             Began as a Demonspawn Arcane Marksman on Apr 30, 2019.
             Quit the game on level 1 of the Dungeon.
             The game lasted 00:00:30 (893 turns).

Iscandelvey the Vexing (Demonspawn Arcane Marksman)  Turns: 893, Time: 00:00:30

Health: 11/21      AC:  2    Str: 10    XL:     2   Next: 58%
Magic:  3/3        EV: 12    Int: 14    God:
Gold:   63         SH:  0    Dex: 13    Spells: 2/3 levels left

rFire    . . .     SeeInvis .   a - +0 hand crossbow
rCold    . . .     Gourm    .   (no shield)
rNeg     . . .     Faith    .   e - +0 robe
rPois    .         Spirit   .   (no helmet)
rElec    .         Reflect  .   (no cloak)
rCorr    .         Harm     .   (no gloves)
MR       .....                  (no boots)
Stlth    +.........             (no amulet)
HPRegen  0.07/turn              (no ring)
MPRegen  0.08/turn              (no ring)

@: no status effects
A: talons 1
a: no special abilities


You were on level 1 of the Dungeon.
You were not hungry.

You visited 1 branch of the dungeon, and saw 2 of its levels.

You collected 63 gold pieces.

Inventory:

Hand Weapons
 a - a +0 hand crossbow (weapon)
Missiles
 d - 24 bolts (quivered)
Armour
 e - a +0 robe (worn)
Scrolls
 h - a scroll of fog {unknown}
 j - a scroll of immolation {unknown}
Potions
 b - a potion of curing {unknown}
 c - a potion of ambrosia {unknown}
 g - a potion of heal wounds {unknown}
 i - a potion of mutation {unknown}
Comestibles
 f - a ration


   Skills:
 + Level 1.0 Fighting
 + Level 2.2 Crossbows
 + Level 1.9 Dodging
 + Level 1.0 Spellcasting
 + Level 3.5 Hexes


You had 2 spell levels left.
You knew the following spells:

 Your Spells              Type           Power        Failure   Level  Hunger
a - Corona                Hex            ##.....      6%          1    ##.....

Your spell library contained the following spells:

 Spells                   Type           Power        Failure   Level  Hunger
 Slow                     Hex            ##......     10%         2    ###....
 Inner Flame              Hex/Fire       #.......     36%         3    ####...
 Portal Projectile        Hex/Tloc       #.....       36%         3    ####...
 Cause Fear               Hex            ##........   52%         4    #####..
 Leda's Liquefaction      Hex/Erth       #.........   77%         4    #####..


Dungeon Overview and Level Annotations

Branches:
Dungeon (2/15)

Altars:


Innate Abilities, Weirdness & Mutations

You have sharp toenails.


Message History

The rat barely misses you. The rat closely misses you.
Firing (i - inventory)
d - 26 bolts (quivered)
Press: ? - help, Shift-Dir - straight line, f - rat
Aim: a rat You shoot a bolt.
The bolt barely misses the rat.
The rat bites you.
You are too injured to fight recklessly!
You are too injured to fight recklessly!
You are too injured to fight recklessly!
You are too injured to fight recklessly!
You are too injured to fight recklessly!
Firing (i - inventory)
d - 25 bolts (quivered)
Press: ? - help, Shift-Dir - straight line, f/p - rat
Aim: a rat You shoot a bolt.
The bolt hits the rat.
You kill the rat!
Firing (i - inventory)
d - 24 bolts (quivered)
Press: ? - help, Shift-Dir - straight line, f - you Really target yourself?
Okay, then.
Are you sure you want to abandon this character and quit the game? (Confirm with "yes".)

.....# #.#.##.##.#
.....# #.#.##.##(#
.....# #.#.##.##.#
.....###'#.##..#.#
............##.#.###
.............(.....#
###'#....).......#.#
..#.#.######.##).#.#
#.#.#......#.###@#.#
#.#.######.#.# ###.#
#.#.#......#.# #.#
#.#.#.######.# #.#
..#.#.# #.# #.#
..#.#.# #.# #.#
..#.#.# #.# #.#
..#.#.######.# #.#
..#.#........# #.#


There were no monsters in sight!

Vanquished Creatures
  3 bats (D:1)
  2 giant cockroaches (D:1)
  A goblin (D:1)
  2 hobgoblins (D:1)
  5 kobolds (D:1)
  A ball python (D:1)
  3 frilled lizards (D:1)
  4 rats (D:1)
21 creatures vanquished.

Notes
Turn   | Place    | Note
-------+----------+-------------------------------------------
     0 | D:1      | Iscandelvey the Demonspawn Arcane Marksman began the quest
                  | for the Orb.
     0 | D:1      | Reached XP level 1. HP: 15/15 MP: 2/2
    84 | D:1      | Gained mutation: You have sharp toenails. [demonic
                  | ancestry]
    84 | D:1      | Reached XP level 2. HP: 21/21 MP: 3/3
   893 | D:1      | Quit the game

Skill      XL: |  1 |
---------------+----+-----
Crossbows      | 2 |  2.2
Fighting       | |  1.0
Dodging        | |  1.9
Spellcasting   | |  1.0
Hexes          | |  3.5

Action                   || total
-------------------------++-------
 Fire: Hand crossbow     ||    40
Armor: Robe              ||     3
Dodge: Dodged            ||    14
